 Dungeon Crawl Stone Soup version 0.29.1-15-g9cfb28693d (webtiles) character file.

Game seed: 15009514367234457766

6 croobank the Sneak (level 1, -3/16 HPs)
             Began as an Octopode Delver on Feb 25, 2023.
             Slain by an orc
             ... wielding a +0 short sword
              (4 damage)
             ... on level 5 of the Dungeon.
             The game lasted 00:01:10 (385 turns).

croobank the Sneak (Octopode Delver)                 Turns: 385, Time: 00:01:10

Health: -3/16      AC:  1    Str: 11    XL:     1   Next: 90%
Magic:  1/1        EV: 13    Int: 12    God:
Gold:   19         SH:  0    Dex: 13    Spells: 0/0 levels left

rFire   . . .      SeeInvis .   a - +0 hand axe
rCold   . . .      Faith    .   (no shield)
rNeg    . . .      Spirit   .   (helmet restricted)
rPois   .          Reflect  .   (no amulet)
rElec   .          Harm     .   (no ring)
rCorr   .          Rampage  .   (no ring)
Will    .....                   (no ring)
Stlth   ++++......              (no ring)
HPRegen 0.05/turn               (no ring)
MPRegen 0.07/turn               (no ring)
                                (no ring)
                                (no ring)

@: no status effects
A: almost no armour, amphibious, 8 rings, camouflage 1, gelatinous body 1,
(nimble swimmer 1), tentacles
a: no special abilities


You were on level 5 of the Dungeon.
You visited 1 branch of the dungeon, and saw 2 of its levels.

You collected 19 gold pieces.

Inventory:

Hand Weapons
 a - a +0 hand axe (weapon)
 g - a +0 halberd
Wands
 f - a wand of digging (3)
Scrolls
 b - a scroll of fog
 c - a scroll of magic mapping
Potions
 e - a potion of haste


   Skills:
 + Level 3.1 Fighting
 + Level 2.1 Axes
 + Level 2.1 Dodging
 + Level 6.7 Stealth


You couldn't memorise any spells.
You didn't know any spells.
Your spell library was empty.

Dungeon Overview and Level Annotations

Branches:
Dungeon (6/15)
 Temple: D:4-7

Altars:


Innate Abilities, Weirdness & Mutations

You cannot wear most types of armour.
You are amphibious.
You can wear up to eight rings at the same time.
Your skin changes colour to match your surroundings (Stealth+).
Your rubbery body absorbs attacks. (AC +1, EV +1)
((You are camouflaged when in or above water. (Stealth+)))
You have tentacles for arms and can constrict up to eight enemies at once.


Message History

a +0 club; a +0 scale mail; an orc corpse
There is a stone staircase leading up, spattered with blood here.
You climb upwards.
The orc hits you with a +0 short sword.
The orc hits you with a +0 club. x2; The orc closely misses you.
There is a stone staircase leading down here.
The orc closely misses you. x2
You climb downwards.
There is a stone staircase leading up, spattered with blood here.
You hit the orc. You grab the orc.
The orc is moderately wounded.
You hit the orc but do no damage. You constrict the orc.
The orc barely misses you. The orc misses you.
You closely miss the orc. You grab the orc. You hit the orc.
You constrict the orc.
You kill the orc!
You constrict the orc. The orc barely misses you.
You hit the orc. You squeeze the orc.
You kill the orc!
You start resting.
HP restored.
You climb upwards.
The hound closely misses you. The hound barely misses you.
The orc hits you with a +0 morningstar.
There is a stone staircase leading down here.
The hound bites you. The orc completely misses you.
The hound closely misses you.
You climb downwards.
There is a stone staircase leading up, spattered with blood here.
You closely miss the hound. You grab the hound. You squeeze the hound!
The hound is heavily wounded.
You hit the orc but do no damage. You constrict the hound.
The hound bites you but does no damage. The orc hits you with a +0 morningstar!
Ouch! That really hurt!
* * * LOW HITPOINT WARNING * * *
The hound closely misses you.
As you read the scroll of fear, it crumbles to dust.
You assume a fearsome visage.
The hound looks frightened!
The orc looks frightened!
You constrict the hound.
The hound escapes!
You climb upwards.
The ufetubus barely misses you. The ufetubus closely misses you.
The orc hits you with a +0 short sword.
You die...

######
......
.###.#####
.....5
.......@.#
......
.......o5#
......
.........#
#+###.
.........#
..#
.#.....P##
..#
#.###...
..+ ...
#$.P ..#
+# ....
....


You could see an orc and an ufetubus.

Vanquished Creatures
  3 orcs (D:6)
3 creatures vanquished.

Vanquished Creatures (others)
  2 withered plants (D:5)
2 creatures vanquished.

Grand Total: 5 creatures vanquished

Notes
Turn   | Place    | Note
-------+----------+-------------------------------------------
     0 | D:5      | croobank the Octopode Delver began the quest for the Orb.
     0 | D:5      | Reached XP level 1. HP: 16/16 MP: 1/1
    58 | D:6      | Noticed a phantom
    78 | D:5      | Noticed a hound
   385 | D:5      | Slain by an orc

Illustrated notes

Levels and vault maps discovered:
D:5:      layout_basic, mainiacjoe_overflow_brackets, kiku_gazebo_garden_becter,
          nicolae_overflow_hallway_of_the_gods, minmay_temple_entry_arrows
D:6:      layout_loops_ring, kennysheep_mini_moat, serial_shops, shop,
          grunt_decor_cap, grunt_ministairs_3

Action                   || total
-------------------------++-------
Melee: Hand axe          ||     9
       Constrict         ||     4
       Tentacles         ||     2
  Use: Scroll            ||     1
Armor: Skin              ||     1
Dodge: Dodged            ||    16
